AoeStats
← 殺手小賴

Arena

505671018Analyzed
4v4 RM · 22d ago on Sep 10, 2026· 85m 1s· 8 players
Game mode
Random Map
Map size
Large (8 player)
Population
200
Speed
Normal
Resources
Standard
Victory
Conquest
Starting age
Dark Age
Ending age
Imperial Age
RankedLock teamsTeams togetherTeam positionsShared explorationLock speedFull tech treeHidden civsTurbo modeCheats
Victory
Defeat
🇧🇪 Huns · Belgium
1170
+14
🇦🇹 Mongols · Austria
1151
+15
🇹🇼 Magyars · Taiwan
1131
+16
🇨🇳 Khmer · China
1098
+17
🇹🇼 Poles · Taiwan
1167
-18
🇹🇼 Italians · Taiwan
1148
-16
🇹🇼 Turks · Taiwan
1098
-14
🇹🇼 Burgundians · Taiwan
1087
-14
xnbhdx
4:36 Double-Bit Axe
6:35 Horse Collar
11:34 Feudal Age
12:47 Bow Saw
13:39 Heavy Plow
14:08 Gold Mining
21:15 Castle Age
20:13 Scale Barding Armor
20:19 Forging
23:54 Cavalier
24:34 Husbandry
25:16 Wheelbarrow
25:34 Chain Barding Armor
27:00 Two-Man Saw
29:23 Iron Casting
32:32 Hand Cart
32:08 Treadmill Crane
36:22 Imperial Age
35:03 Crop Rotation
34:51 Burgundian Vineyards
34:52 Pikeman
35:33 Squires
35:18 Arson
37:00 Gold Shaft Mining
36:15 Stone Mining
37:42 Conscription
36:53 Halberdier
38:50 Chemistry
38:10 Paladin
39:36 Scale Mail Armor
41:58 Chain Mail Armor
42:43 Blast Furnace
42:57 Bombard Tower
42:58 Ballistics
44:28 Capped Ram
48:09 Plate Mail Armor
49:49 Plate Barding Armor
50:10 Fletching
52:46 Town Watch
TURTLE KING
10:53 Feudal Age
15:11 Castle Age
13:22 Double-Bit Axe
19:37 Imperial Age
22:16 Wheelbarrow
21:27 Loom
23:56 Horse Collar
25:07 Fletching
25:17 Padded Archer Armor
30:57 Bodkin Arrow
35:51 Gold Mining
36:33 Ballistics
38:41 Thumb Ring
41:30 Caravan
43:43 Bombard Tower
48:10 Wheelbarrow
47:20 Town Watch
52:22 Scale Barding Armor
52:28 Forging
52:19 Bracer
52:25 Stone Mining
53:26 Chain Barding Armor
53:54 Husbandry
54:04 Bloodlines
57:45 Heavy Camel Rider
62:08 Artillery
63:15 Conscription
63:38 Heavy Plow
63:56 Hand Cart
79:16 Murder Holes
81:19 Bow Saw
83:39 Iron Casting
aaron.su210
12:36 Feudal Age
17:08 Castle Age
15:15 Double-Bit Axe
15:33 Gold Mining
23:19 Imperial Age
23:11 Fletching
25:13 Chemistry
24:50 Ballistics
27:13 Bodkin Arrow
30:44 Padded Archer Armor
34:05 Leather Archer Armor
36:49 Bow Saw
42:31 Conscription
42:16 Horse Collar
43:44 Loom
44:35 Wheelbarrow
44:40 Bracer
45:40 Elite Genoese Crossbowman
46:49 Elite Genoese Crossbowman
48:32 Ring Archer Armor
48:20 Hand Cart
51:30 Forging
51:26 Scale Barding Armor
52:39 Crossbowman
53:25 Thumb Ring
72:04 Arbalester
72:09 Elite Skirmisher
74:58 Husbandry
76:32 Bloodlines
75:43 Light Cavalry
79:12 Chain Barding Armor
79:28 Iron Casting
81:34 Hussar
殺手小賴
5:21 Loom
10:37 Feudal Age
13:20 Double-Bit Axe
17:15 Castle Age
16:05 Scale Barding Armor
17:04 Stone Mining
18:17 Scale Barding Armor
19:26 Forging
21:20 Bow Saw
23:55 Horse Collar
24:49 Heavy Plow
25:05 Gold Mining
25:54 Husbandry
26:05 Bloodlines
25:23 Light Cavalry
26:26 Chain Barding Armor
26:50 Wheelbarrow
28:24 Szlachta Privileges
30:00 Fervor
31:09 Stone Shaft Mining
35:52 Hand Cart
37:06 Town Watch
40:36 Imperial Age
37:54 Town Watch
41:24 Iron Casting
40:50 Scale Mail Armor
40:41 Winged Hussar
40:42 Cavalier
42:03 Crop Rotation
43:06 Lechitic Legacy
42:07 Elite Obuch
43:08 Conscription
45:15 Blast Furnace
54:42 Block Printing
76:38 Caravan
77:09 Coinage
83:38 Elite Skirmisher
noumha
9:53 Feudal Age
14:40 Castle Age
13:52 Horse Collar
15:21 Heavy Plow
22:21 Double-Bit Axe
22:41 Loom
27:05 Gold Mining
30:09 Imperial Age
28:22 Wheelbarrow
27:13 Light Cavalry
27:55 Husbandry
29:00 Bloodlines
29:04 Forging
29:00 Scale Barding Armor
31:17 Iron Casting
30:22 Cavalier
31:26 Chain Barding Armor
32:22 Gold Shaft Mining
32:59 Blast Furnace
33:38 Hand Cart
34:43 Paladin
36:49 Conscription
38:02 Town Watch
38:57 Hussar
60:41 Crossbowman
62:03 Plate Barding Armor
61:28 Padded Archer Armor
61:19 Fletching
64:29 Bodkin Arrow
72:06 Capped Ram
73:00 Siege Ram
chiehlin829
11:25 Feudal Age
16:03 Castle Age
14:11 Double-Bit Axe
15:43 Horse Collar
25:22 Corvinian Army
31:23 Imperial Age
29:19 Husbandry
30:06 Scale Barding Armor
30:45 Wheelbarrow
31:32 Chain Barding Armor
31:02 Fletching
31:47 Gold Mining
31:48 Stone Mining
34:15 Plate Barding Armor
34:04 Ballistics
33:13 Elite Skirmisher
34:39 Pikeman
36:37 Scale Mail Armor
37:59 Heavy Plow
38:35 Bow Saw
39:28 Town Watch
40:00 Elite Magyar Huszar
41:23 Hand Cart
42:56 Town Patrol
42:41 Loom
45:06 Two-Man Saw
45:16 Conscription
45:25 Halberdier
49:02 Gold Shaft Mining
52:24 Chain Mail Armor
52:10 Padded Archer Armor
52:08 Bodkin Arrow
52:18 Murder Holes
53:35 Chemistry
55:53 Recurve Bow
56:28 Loom
58:40 Parthian Tactics
59:13 Hoardings
60:30 Heavy Cavalry Archer
71:02 Treadmill Crane
wujiang
11:38 Feudal Age
14:20 Castle Age
12:54 Double-Bit Axe
12:52 Horse Collar
13:31 Loom
15:17 Bow Saw
26:42 Wheelbarrow
29:09 Hand Cart
29:34 Scale Barding Armor
32:16 Chain Barding Armor
32:50 Bloodlines
32:41 Husbandry
34:40 Hand Cart
35:51 Gold Mining
38:35 Forging
41:54 Imperial Age
GabberGandalf
10:09 Feudal Age
15:05 Castle Age
13:39 Double-Bit Axe
14:45 Horse Collar
15:15 Stone Mining
16:29 Bow Saw
19:47 Wheelbarrow
22:11 Padded Archer Armor
22:22 Forging
22:25 Fletching
23:22 Loom
24:48 Heavy Plow
34:17 Imperial Age
32:41 Bloodlines
32:15 Pikeman
35:30 Parthian Tactics
34:27 Heavy Cavalry Archer
36:43 Conscription
36:59 Thumb Ring
39:18 Gold Mining
47:50 Bodkin Arrow
50:32 Elite Mangudai
54:54 Chemistry
56:38 Bracer
56:54 Leather Archer Armor
59:24 Ballistics
59:11 Siege Engineers
67:27 Husbandry
76:05 Caravan
Connection lost

Rejoining the realm…

Still unreachable

The connection could not be restored.

Session expired

The server has moved on; the page needs a fresh start.